 Dungeon Crawl Stone Soup version 0.16.2-12-gd0ad4c3 (webtiles) character file.

380 Meow the Chiller (level 6, 0/32 HPs)
             Began as a Gargoyle Ice Elementalist on Sept 24, 2015.
             Slain by Prince Ribbit the hippogriff (1 damage)
             ... on level 6 of the Dungeon.
             The game lasted 00:10:20 (4481 turns).

Meow the Chiller (Gargoyle Ice Elementalist)        Turns: 4481, Time: 00:10:20

Health: 0/32       AC:  8    Str:  8    XL:     6   Next: 75%
Magic:  10/10      EV: 12    Int: 18    God:
Gold:   228        SH:  0    Dex: 10    Spells: 3 memorised, 3 levels left

rFire  . . .     SeeInvis .     a - +0 whip (drain)
rCold  . . .     Clarity  .     f - +0 robe
rNeg   + + .     SustAb   .     (no shield)
rPois  ∞         Gourm    .     (no helmet)
rElec  +         Spirit   .     A - +1 cloak
rCorr  .         Warding  +     (no gloves)
rMut   .         Stasis   .     (no boots)
MR     .....                    g - amulet of warding
Stlth  ++........               (no ring)
                                k - -3 ring of strength (curse)

@: not resistant to hostile enchantments, unstealthy
A: negative energy resistance 1, electricity resistance, unbreathing,
petrification resistance, rot immunity, AC +4
a: no special abilities


You were on level 6 of the Dungeon.
You were not hungry.

You visited 1 branch of the dungeon, and saw 7 of its levels.

You collected 228 gold pieces.

Inventory:

Hand weapons
 a - a +0 whip of draining (weapon)
 b - a +0 great sword
Armour
 f - a +0 robe (worn)
 r - a +0 pair of boots
 A - a +1 cloak (worn)
Jewellery
 g - an amulet of warding (around neck)
 k - a cursed -3 ring of strength (left hand)
 C - a cursed ring of loudness {unknown}
Magical devices
 t - a wand of random effects (20)
 E - a wand of polymorph (4)
 F - a wand of fire (8)
Scrolls
 e - 2 scrolls of identify {unknown}
 h - 4 scrolls of remove curse {unknown}
 i - 2 scrolls of blinking {unknown}
 l - 4 scrolls of teleportation {unknown}
 m - a scroll of random uselessness {unknown}
 o - 2 scrolls of fog {unknown}
 p - a scroll of enchant weapon {unknown}
 s - 2 scrolls of immolation {unknown}
 v - a scroll of recharging {unknown}
 w - a scroll of noise {unknown}
 y - a scroll of fear {unknown}
 z - a scroll of amnesia {unknown}
 B - a scroll of torment {unknown}
Potions
 j - 2 potions of might {unknown}
 n - 2 potions of poison {unknown}
 q - 3 potions of haste {unknown}
 u - 3 potions of curing {unknown}
 x - a potion of ambrosia {unknown}
Books
 D - a book of Frost

   Spells                             Type                      Level
   a - Freeze                         Ice                          1
   b - Throw Frost                    Conjuration/Ice              2
   c - Ozocubu's Armour               Charms/Ice                   3
   d - Throw Icicle                   Conjuration/Ice              4
   e - Summon Ice Beast               Ice/Summoning                4
   f - Condensation Shield            Ice                          4
Comestibles
 c - 3 bread rations
 d - 2 meat rations


   Skills:
 - Level 1.5 Dodging
 - Level 2.1 Stealth
 + Level 2.1 Spellcasting
 + Level 1.2 Conjurations
 - Level 7.3 Ice Magic


You had 3 spell levels left.
You knew the following spells:

 Your Spells              Type           Power        Failure   Level  Hunger
a - Freeze                Ice            ####         1%          1    #......
b - Throw Frost           Conj/Ice       ###...       6%          2    ###....
e - Ozocubu's Armour      Chrm/Ice       ###.....     14%         3    ###....


Dungeon Overview and Level Annotations

Branches:
Dungeon (7/15)
 Temple: D:4-7

Altars:
Cheibriados
Elyvilon
Fedhas
Nemelex Xobeh
Yredelemnul

Annotations:
D:3 Sigmund
D:6 Prince Ribbit


Innate Abilities, Weirdness & Mutations

You are resistant to torment.
You are immune to poison.
Your stone body is very resilient (AC +4).
You resist negative energy.
You are resistant to electric shocks.
You can survive without breathing.
You are immune to petrification.
You are immune to rotting.


Message History

You barely miss Prince Ribbit.
Prince Ribbit is moderately wounded.
Prince Ribbit bites you but does no damage.
Prince Ribbit pecks you but does no damage.
Prince Ribbit closely misses you. The rat barely misses you.
You hit Prince Ribbit.
Prince Ribbit is heavily wounded.
Prince Ribbit bites you.
* * * LOW HITPOINT WARNING * * *
Prince Ribbit barely misses you. Prince Ribbit claws you.
* * * LOW HITPOINT WARNING * * *
The rat bites you but does no damage. Prince Ribbit completely misses you.
Prince Ribbit pecks you but does no damage.
Prince Ribbit closely misses you.
You barely miss Prince Ribbit.
Prince Ribbit is heavily wounded.
The rat bites you but does no damage.
Prince Ribbit bites you but does no damage.
Prince Ribbit pecks you.
You die...

.# ## #..# # .#.# #
...#. #..# .##....#
#...# ....
#.#####....# 8 #..
#....H.....###
..####<#
#...##@......# ......#
##....r.!...##..
....###...........#
###...##...........#
##...............##..#
##...#...........##
..# ...####..†..##..##
. ..## ##....#..##
..## #........


You could see Prince Ribbit the hippogriff and a rat.

Vanquished Creatures
  A crimson imp (D:3)
  An orc wizard (D:6)
  2 hounds
  4 worker ants
  Ijyb (D:2)
  A hound skeleton (D:4)
  4 adders
  A giant mite (D:1)
  A worm (D:4)
  A giant gecko (D:3)
  9 orcs
  A ball python (D:6)
  16 goblins
  8 hobgoblins
  5 jackals
  A quokka (D:4)
  11 bats
  3 giant cockroaches
  4 giant newts
  6 kobolds
  A quokka skeleton (D:4)
  10 rats
92 creatures vanquished.

Vanquished Creatures (others)
  A kobold (D:4)
  A bat (D:4)
2 creatures vanquished.

Grand Total: 94 creatures vanquished

Notes
Turn   | Place    | Note
--------------------------------------------------------------
     0 | D:1      | Meow, the Gargoyle Ice Elementalist, began the quest for the Orb.
     0 | D:1      | Reached XP level 1. HP: 10/10 MP: 3/3
   515 | D:1      | Reached XP level 2. HP: 10/15 MP: 4/4
   903 | D:1      | Reached skill level 4 in Ice Magic
   934 | D:1      | Reached XP level 3. HP: 19/19 MP: 3/6
  1355 | D:2      | Found a blossoming altar of Fedhas.
  1449 | D:2      | Found a sparkling altar of Nemelex Xobeh.
  1637 | D:2      | Noticed Ijyb
  1654 | D:2      | Killed Ijyb
  1654 | D:2      | Reached XP level 4. HP: 16/24 MP: 1/7
  1739 | D:2      | Learned a level 2 spell: Throw Frost
  1799 | D:2      | Reached skill level 5 in Ice Magic
  2361 | D:3      | Reached XP level 5. HP: 23/28 MP: 2/9
  2495 | D:3      | Noticed Sigmund
  2687 | D:4      | Found a white marble altar of Elyvilon.
  2720 | D:5      | Entered Level 5 of the Dungeon
  2881 | D:4      | Reached skill level 6 in Ice Magic
  2892 | D:4      | Learned a level 3 spell: Ozocubu's Armour
  3138 | D:4      | Found a basalt altar of Yredelemnul.
  3211 | D:4      | Found a snail-covered altar of Cheibriados.
  3311 | D:5      | Reached XP level 6. HP: 32/32 MP: 5/10
  3876 | D:5      | Noticed an ogre
  4174 | D:7      | Reached skill level 7 in Ice Magic
  4434 | D:6      | Noticed Prince Ribbit
  4438 | D:6      | Noticed Prince Ribbit
  4438 | D:6      | Prince Ribbit changed into Prince Ribbit the hippogriff
  4480 | D:6      | HP: 1/32 [Prince Ribbit the hippogriff (2)]
  4481 | D:6      | Slain by Prince Ribbit the hippogriff

Action                   |  1- 3 |  4- 6 || total
-------------------------+-------+-------++-------
Melee: Whip              |    91 |   123 ||   214
       Unarmed           |     1 |       ||     1
 Cast: Freeze            |    14 |    65 ||    79
       Ozocubu's Armour  |       |     2 ||     2
       Throw Frost       |       |     1 ||     1
Evoke: Wand              |       |     3 ||     3
 Stab: Sleeping          |     2 |     2 ||     4
  Eat: Chunk             |     3 |    10 ||    13
